 Dungeon Crawl Stone Soup version 0.27.1-34-g3ba077fa99 (webtiles) character file.

Game seed: 5869670224106764849

3 Atelerd the Magician (level 1, -1/11 HPs)
             Began as an Octopode Hedge Wizard on Feb 8, 2022.
             Slain by a kobold (3 damage)
             ... on level 1 of the Dungeon.
             The game lasted 00:01:11 (119 turns).

Atelerd the Magician (Octopode Hedge Wizard)         Turns: 119, Time: 00:01:12

Health: -1/11      AC:  1    Str:  9    XL:     1   Next: 50%
Magic:  4/4        EV: 13    Int: 16    God:
Gold:   6          SH:  0    Dex: 11    Spells: 5/6 levels left

rFire    . . .     SeeInvis .   a - +0 dagger
rCold    . . .     Faith    .   (no shield)
rNeg     . . .     Spirit   .   b - +0 hat
rPois    .         Reflect  .   (no amulet)
rElec    .         Harm     .   (no ring)
rCorr    .         Rampage  .   (no ring)
Will     .....                  (no ring)
Stlth    +++.......             (no ring)
HPRegen  0.03/turn              (no ring)
MPRegen  0.09/turn              (no ring)
                                (no ring)
                                (no ring)

@: no status effects
A: almost no armour, amphibious, 8 rings, camouflage 1, gelatinous body 1,
(nimble swimmer 1), tentacles
a: no special abilities


You were on level 1 of the Dungeon.
You visited 1 branch of the dungeon, and saw 1 of its levels.

You collected 6 gold pieces.

Inventory:

Hand Weapons
 a - a +0 dagger (weapon)
 c - a +0 dagger
Armour
 b - a +0 hat (worn)
Potions
 d - a potion of curing {unknown}


   Skills:
 + Level 2.0 Dodging
 + Level 2.6 Stealth
 + Level 3.1 Spellcasting
 + Level 1.0 Conjurations
 + Level 1.0 Summonings
 + Level 1.0 Translocations


You had 5 spell levels left.
You knew the following spells:

 Your Spells              Type           Power      Damage    Failure   Level
a - Magic Dart            Conj           20%        1d4       12%         1

Your spell library contained the following spells:

 Spells                   Type           Power      Damage    Failure   Level
 Blink                    Tloc           N/A        N/A       19%         2
 Call Imp                 Summ           5%         N/A       19%         2
 Slow                     Hex            2%         N/A       28%         2
 Conjure Flame            Conj/Fire      4%         6-21      41%         3
 Mephitic Cloud           Conj/Pois/Air  3%         N/A       43%         3


Dungeon Overview and Level Annotations

Branches:
Dungeon (1/15)

Altars:


Innate Abilities, Weirdness & Mutations

You cannot wear most types of armour.
You are amphibious.
You can wear up to eight rings at the same time.
Your skin changes colour to match your surroundings (Stealth+).
Your rubbery body absorbs attacks. (AC +1, EV +1)
((You are camouflaged near water. (Stealth+)))
You have tentacles for arms and can constrict up to eight enemies at once.


Message History

Found 19 arrows.
There is an open door here.
A rat comes into view.
Found a golden potion.
A giant cockroach comes into view.
You see here a golden potion.
A rat comes into view.
You see here a golden potion.
Aiming: Magic Dart (safe; 12% risk of failure)
Press: ? - help, Q - select action Shift-Dir - straight line, f - rat
Aim: a rat (asleep, 100% to hit)
You can't see any item there. x2
The magic dart hits the rat but does no damage.
Unknown command.
A goblin comes into view. It is wielding a +0 club.
You hit the rat but do no damage. You grab the rat.
You constrict the rat, but do no damage.
The rat bites you.
You barely miss the rat. You constrict the rat. The rat closely misses you.
You hit the rat.
You kill the rat!
You see here a golden potion.
You see here a golden potion.
d - a golden potion A ball python and a kobold come into view.
The giant cockroach bites you. The giant cockroach bites you.
The helpless rat fails to defend itself.
You hit the rat.
You kill the rat!
The giant cockroach bites you.
You barely miss the giant cockroach. Your grab misses the giant cockroach.
The giant cockroach bites you.
You barely miss the kobold. Your grab misses the kobold.
The giant cockroach bites you.
* * * LOW HITPOINT WARNING * * *
The kobold barely misses you.
You closely miss the kobold. Your grab misses the kobold.
The giant cockroach misses you. The kobold hits you with a +0 dagger.
You die...

...............
........##.#...........
.......##..###.........
............##.........
............##........#
............##.........
.......(.#..##......S..
........##..##.........
............##B@K......
.......###.............
g..........#...........
......#................
......######........###
...... .........# .....
............ .....
..........##.
..........#


You could see a giant cockroach, a ball python (asleep) and a kobold.

Vanquished Creatures
  A hobgoblin (D:1)
  A kobold (D:1)
  2 rats (D:1)
4 creatures vanquished.

Notes
Turn   | Place    | Note
-------+----------+-------------------------------------------
     0 | D:1      | Atelerd the Octopode Hedge Wizard began the quest for the
                  | Orb.
     0 | D:1      | Reached XP level 1. HP: 11/11 MP: 4/4
   119 | D:1      | Slain by a kobold

Illustrated notes

Levels and vault maps discovered:
D:1:      minmay_arrival_checkered_box, layout_rooms

Action                   || total
-------------------------++-------
Melee: Dagger            ||    11
       Constrict         ||     3
       Tentacles         ||     2
 Cast: Magic Dart        ||     1
 Stab: Sleeping          ||     1
Dodge: Dodged            ||     6
